 Dungeon Crawl Stone Soup version 0.25.0-10-g039870ee82 (webtiles) character file.

Game seed: 1036475816693661687

2845 night the Grappler (level 9, -5/74 HPs)
             Began as a Demonspawn Gladiator on June 23, 2020.
             Was a Priest of Cheibriados.
             Slain by an orc warrior
             ... wielding a +0 war axe
              (27 damage)
             ... in a bailey.
             The game lasted 00:22:02 (8306 turns).

night the Grappler (Demonspawn Gladiator)           Turns: 8306, Time: 00:22:03

Health: -5/74      AC: 15    Str: 23    XL:     9   Next: 46%
Magic:  9/9        EV: 12    Int: 18    God:    Cheibriados [***...]
Gold:   458        SH:  5    Dex: 22    Spells: 8/8 levels left

rFire    . . .     SeeInvis .     - Unarmed
rCold    . . .     Gourm    .   (no shield)
rNeg     . . .     Faith    .   u - +0 scale mail
rPois    .         Spirit   .   t - +2 helmet
rElec    .         Reflect  +   o - +0 cloak
rCorr    .         Harm     .   (no gloves)
MR       .....                  s - +2 pair of boots
Stlth    ..........             J - amulet of reflection
HPRegen  0.22/turn              (no ring)
MPRegen  0.11/turn              (no ring)

@: very slow
A: talons 2, yellow scales 1, spiny 1, rot immunity
a: Bend Time, Temporal Distortion, Renounce Religion


You were in a bailey.
You worshipped Cheibriados.
Cheibriados was most pleased with you.
You were hungry.

You visited 2 branches of the dungeon, and saw 9 of its levels.
You also visited: Bailey.

You collected 491 gold pieces.
You spent 33 gold pieces at shops.

Inventory:

Hand Weapons
 b - the +7 hunting sling "Aniom" {vorpal, rPois Int+5 Stlth-}
   (You found it on level 4 of the Dungeon)

   Any stone fired from it inflicts extra damage.
   It affects your intelligence (+5).
   It protects you from poison.
   It makes you less stealthy.
 c - the +4 hunting sling of the Onslaught {flame, Stlth+}
   (You found it on level 5 of the Dungeon)

   It causes projectiles fired from it to burn those they strike, causing extra
   injury to most foes and up to half again as much damage against particularly
   susceptible opponents.
   It makes you more stealthy.
Missiles
 e - 35 sling bullets
 i - 30 poisoned darts
 k - 195 stones
 q - 119 arrows
 r - 73 bolts
 z - 4 throwing nets (quivered)
Armour
 j - a scarf of resistance
 o - a +0 cloak (worn)
 s - a +2 pair of boots (worn)
 t - a +2 helmet (worn)
 u - a +0 scale mail (worn)
Jewellery
 J - an amulet of reflection (around neck)
 L - an uncursed ring of protection from magic {unknown}
Scrolls
 a - a scroll of fear
 g - 2 scrolls of remove curse
 l - a scroll of immolation
 n - a scroll of identify
 v - 3 scrolls of amnesia
 F - 2 scrolls of magic mapping {unknown}
 H - a scroll of silence {unknown}
 K - a scroll of vulnerability {unknown}
 Z - 3 scrolls of enchant weapon
Potions
 f - 5 potions of curing
 h - 6 potions of heal wounds
 m - 8 potions of might
 p - a potion of flight {unknown}
 w - 2 potions of brilliance {unknown}
 y - a potion of mutation {unknown}
 A - a potion of lignification {unknown}
 D - a potion of magic {unknown}
 E - a potion of invisibility {unknown}
 G - a potion of berserk rage {unknown}
 I - a potion of stabbing {unknown}
Comestibles
 d - 10 rations


   Skills:
 + Level 7.8 Fighting
 - Level 1.7 Throwing
 - Level 2.6 Dodging
 * Level 10.2 Unarmed Combat


You had 8 spell levels left.
You didn't know any spells.
Your spell library was empty.

Dungeon Overview and Level Annotations

Branches:
Dungeon (8/15)             Temple (1/1) D:5          Bailey (1/1)
   Lair: D:8-11

Altars:
Ashenzari
Cheibriados
Dithmenos
Elyvilon
Fedhas
Gozag
Hepliaklqana
Kikubaaqudgha
Makhleb
Nemelex Xobeh
Okawaru
Qazlal
Ru
Sif Muna
Trog
Uskayaw
Vehumet
Wu Jian
Xom
Yredelemnul
Zin
The Shining One

Shops:
D:5 (%*[   D:7 *


Innate Abilities, Weirdness & Mutations

You have razor-sharp toenails.
You are partially covered in yellow scales. (AC +2)
You are partially covered in sharp spines.
You are immune to rotting.


Message History

The orc knight is severely wounded.
You block the orc knight's attack.
You hit the orc knight but do no damage.
The orc knight is severely wounded.
The orc warrior closely misses you.
You closely miss the orc knight.
The orc knight is severely wounded.
The orc knight hits you with a +0 broad axe!
The orc warrior closely misses you.
You completely miss the orc knight. You punch the orc knight!
The orc knight is severely wounded.
You barely miss the orc knight.
The orc knight is severely wounded.
The orc warrior hits you with a +0 war axe!!
* * * LOW HITPOINT WARNING * * *
The orc knight hits you but does no damage.
You hit the orc knight but do no damage.
The orc knight is severely wounded.
The orc warrior hits you with a +0 war axe!!
You die...

##......((.##88.88#
#.....⌠.....###'###
##...[...(.## .g#
#......(..# ...
##.....o.## o.
#....[..# ##.)...##
##o#### ## ##[o@..##
##. #...[...# #..
##.....).## ##..
#....[.[..# #...
##.........## ##...
#.....⌠[....#######..).
##.......[.##.....##...
#......[..#.......#...
##.....[[##....[..##.)


You could see an orc knight and an orc warrior (strong).

Vanquished Creatures
  A hippogriff (D:7)
  8 orc warriors
  An ice beast (D:6)
  A phantom (D:8)
  5 ogres
  A centaur (D:7)
  2 bullfrogs
  A bullfrog zombie (D:5)
  A quasit (D:7)
  4 hounds
  Crazy Yiuf (D:5)
  A bullfrog skeleton (D:8)
  A gnoll shaman (D:4)
  An orc wizard (D:3)
  2 iguanas (D:6)
  Natasha (thrice) (D:2)
  7 worker ants
  A hound zombie (D:5)
  A hound skeleton (D:4)
  Robin (D:2)
  17 gnolls
  11 adders
  2 shadow imps
  An adder skeleton (D:7)
  A worm (D:3)
  3 dart slugs (D:1)
  2 leopard geckos
  26 orcs
  A ball python (D:8)
  5 bats
  6 giant cockroaches
  30 goblins
  20 hobgoblins
  11 jackals
  3 quokkas
  4 frilled lizards
  6 kobolds
  A quokka zombie (D:6)
  6 rats
200 creatures vanquished.

Notes
Turn   | Place    | Note
-------+----------+-------------------------------------------
     0 | D:1      | night the Demonspawn Gladiator began the quest for the Orb.
     0 | D:1      | Reached XP level 1. HP: 16/16 MP: 1/1
   185 | D:1      | Reached skill level 3 in Unarmed Combat
   196 | D:1      | Gained mutation: You have sharp toenails. [demonic
                  | ancestry]
   196 | D:1      | Reached XP level 2. HP: 20/22 MP: 2/2
  1132 | D:2      | Gained mutation: You are partially covered in sharp spines.
                  | [demonic ancestry]
  1132 | D:2      | Reached XP level 3. HP: 27/28 MP: 3/3
  1157 | D:2      | Found a shadowy altar of Dithmenos.
  1208 | D:2      | Noticed Natasha
  1216 | D:2      | Killed Natasha
  1360 | D:2      | Reached skill level 4 in Unarmed Combat
  1504 | D:2      | Gained mutation: You are partially covered in yellow
                  | scales. (AC +2) [demonic ancestry]
  1504 | D:2      | Reached XP level 4. HP: 35/35 MP: 4/4
  1621 | D:2      | Noticed Robin
  1648 | D:2      | Killed Robin
  1781 | D:2      | Noticed Natasha
  1808 | D:2      | Killed Natasha
  1808 | D:2      | Gained mutation: You have razor-sharp toenails. [demonic
                  | ancestry]
  1808 | D:2      | Reached XP level 5. HP: 30/41 MP: 5/5
  1929 | D:2      | Noticed Natasha
  1940 | D:2      | Killed Natasha
  2406 | D:3      | Reached skill level 5 in Unarmed Combat
  3326 | D:4      | Noticed an ogre
  3412 | D:4      | Reached XP level 6. HP: 48/48 MP: 6/6
  3718 | D:4      | Reached skill level 6 in Unarmed Combat
  3735 | D:4      | Reached XP level 7. HP: 48/55 MP: 7/7
  3878 | D:4      | Found an ancient bone altar of Kikubaaqudgha.
  4072 | D:4      | Reached skill level 5 in Fighting
  4184 | D:4      | Got a polished hunting sling
  4184 | D:4      | Identified the +7 hunting sling "Aniom" {vorpal, rPois
                  | Int+5 Stlth-} (You found it on level 4 of the Dungeon)
  4479 | D:4      | Found a stormy altar of Qazlal.
  4513 | D:4      | Reached skill level 7 in Unarmed Combat
  4560 | D:5      | Entered Level 5 of the Dungeon
  4560 | D:5      | Found Ceden's Armour Boutique.
  4596 | D:5      | Found Osagh's General Store.
  4604 | D:5      | Bought a potion of curing for 33 gold pieces
  4714 | D:5      | Found Hymmuit's Weapon Boutique.
  4716 | D:5      | Found a staircase to the Ecumenical Temple.
  4721 | D:5      | Got a faintly glowing hunting sling
  4721 | D:5      | Identified the +4 hunting sling of the Onslaught {flame,
                  | Stlth+} (You found it on level 5 of the Dungeon)
  4754 | Temple   | Entered the Ecumenical Temple
  4980 | Temple   | Became a worshipper of Cheibriados the Contemplative
  5032 | D:5      | Found Jegraumn's Book Emporium.
  5300 | D:5      | Found an ancient bone altar of Kikubaaqudgha.
  5358 | D:5      | Found a runed translucent door.
  5359 | D:5      | Noticed Crazy Yiuf
  5414 | D:5      | Killed Crazy Yiuf
  5644 | D:5      | Found Anoevoh's Food Emporium.
  6124 | D:6      | Gained mutation: You are immune to rotting. [demonic
                  | ancestry]
  6124 | D:6      | Reached XP level 8. HP: 64/64 MP: 8/8
  6326 | D:6      | You fall into a shaft and drop 1 floor!
  6332 | D:7      | Reached * piety under Cheibriados
  6332 | D:7      | Reached skill level 8 in Unarmed Combat
  6599 | D:7      | Found a hazy altar of Hepliaklqana.
  6716 | D:7      | Found a bloodstained altar of Trog.
  6944 | D:7      | Found Alu Ofyk's General Store.
  6944 | D:7      | Noticed a hippogriff
  6954 | D:7      | Killed a hippogriff
  6954 | D:7      | Reached skill level 9 in Unarmed Combat
  7467 | D:8      | Reached XP level 9. HP: 62/72 MP: 9/9
  7513 | D:8      | Found a flagged portal.
  7520 | Bailey   | Entered a bailey
  7617 | Bailey   | Reached ** piety under Cheibriados
  7789 | Bailey   | Reached *** piety under Cheibriados
  7968 | Bailey   | Reached skill level 10 in Unarmed Combat
  7993 | Bailey   | Noticed an orc warlord
  8283 | Bailey   | Noticed an orc knight
  8306 | Bailey   | Slain by an orc warrior

Illustrated notes

Levels and vault maps discovered:
D:1:      nzn_arrival_settlement, layout_basic
D:2:      layout_loops_ring, kennysheep_flooded_box, kennysheep_cross_room,
          uniq_robin, uniq_natasha
D:3:      layout_basic, first_ration, minmay_misc_feat_more_columns
D:4:      layout_rooms, nicolae_qazlal_general_emergency, lemuel_tele_altar
D:5:      layout_basic, nicolae_overflow_hidden_temple,
          minmay_temple_entry_slanted, serial_shops, shop, nicolae_shop_stone,
          nicolae_shop_crystal, shop,
          nicolae_shop_temple_entry_statues_fountains, uniq_crazy_yiuf_cottage
D:6:      layout_layer_cave
D:7:      layout_basic, chequers_temple_overflow_statue_of_worship,
          serial_shops, nicolae_shop_waterfront
D:8:      layout_rooms, enter_bailey_3, hangedman_little_slice_of_home
Temple:   dpeg_five_rooms_temple
Bailey:   bailey_axe_minmay_hex_keep, bailey

Skill      XL: |  1  2  3  4  5  6  7  8  9 |
---------------+----------------------------+-----
Unarmed Combat | 3 4 5 6 7 9 10 | 10.2
Fighting       | 3 4 5 7 |  7.8
Throwing       | |  1.7
Dodging        | |  2.6

Action                   |  1- 3 |  4- 6 |  7- 9 || total
-------------------------+-------+-------+-------++-------
Melee: Unarmed           |   106 |   167 |   312 ||   585
       Punch             |     3 |     5 |    20 ||    28
       Kick              |     4 |       |       ||     4
 Fire: Hunting sling     |       |     6 |    45 ||    51
  Use: Scroll            |       |     4 |    10 ||    14
 Stab: Sleeping          |     1 |       |       ||     1
       Distracted        |       |     1 |       ||     1
  Eat: Chunk             |     2 |     7 |     8 ||    17
       Ration            |       |       |     1 ||     1
Armor: Leather armour    |    29 |    26 |       ||    55
       Scale mail        |       |    51 |   100 ||   151
Dodge: Dodged            |    57 |    62 |   129 ||   248
Block: Other             |       |       |    22 ||    22
